 Dungeon Crawl Stone Soup version bcrawl-1.28.1b (webtiles) character file.

Game seed: 14297351496307130842

313445 Morbidden the Skirmisher (level 10, -9/104 HPs)
             Began as an Ogre Archaeologist on Jan 2, 2021.
             Was a Priest of Cheibriados.
             Killed from afar by Harold (26 damage)
             ... with a bolt of fire
             ... on level 8 of the Dungeon.
             The game lasted 00:15:45 (7109 turns).

Morbidden the Skirmisher (Ogre Archaeologist)       Turns: 7109, Time: 00:15:45

Health: -9/104     AC: 12    Str: 22 (25) XL:     10   Next: 23%
Magic:  16/16      EV:  4    Int: 29 (32) God:    Cheibriados [***...]
Gold:   775        SH:  6    Dex: 12 (14) Spells: 11/17 levels left

rFire    . . .     SeeInvis .   a - +1 giant spiked club
rCold    . . .     Gourm    .   (shield currently unavailable)
rNeg     . . .     Faith    .   f - +8 robe of Folly {Archmagi, MR- EV-8 Int+8 Slay+8 Stlth--}
rPois    +         Spirit   .   c - +1 hat
rElec    .         Reflect  +   (no cloak)
rCorr    .         Harm     .   (gloves unavailable)
MR       .....                  (boots unavailable)
Stlth    ..........             F - +6 amulet of reflection
HPRegen  0.27/turn              C - ring of poison resistance
MPRegen  0.15/turn              D - ring of flight

@: berserk cooldown, slowed, very slow
A: large, unfitting armour, tough skin 1
a: Bend Time, Temporal Distortion, Renounce Religion, Evoke Flight


You were on level 8 of the Dungeon.
You worshipped Cheibriados.
Cheibriados was most pleased with you.
You were not hungry.

You visited 2 branches of the dungeon, and saw 9 of its levels.

You collected 775 gold pieces.

Inventory:

Hand Weapons
 a - a +1 giant spiked club (weapon)
 b - a +0 hunting sling
 z - a +1 shortbow of freezing
Missiles
 i - 1200 stones
 r - 116 poisoned tomahawks (quivered)
 x - 566 bolts
 y - 540 arrows
 A - a throwing net {=f}
Armour
 c - a +1 hat (worn)
 f - the +8 robe of Folly (worn) {Archmagi, MR- EV-8 Int+8 Slay+8 Stlth--}
   (You acquired it on level 3 of the Dungeon)

   It affects your evasion (-8).
   It affects your intelligence (+8).
   It affects your accuracy and damage with ranged weapons and melee attacks
   (+8).
   It affects your resistance to hostile enchantments.
   It makes you much less stealthy.
Jewellery
 C - a ring of poison resistance (left hand)
 D - a ring of flight (right hand)
 F - a +6 amulet of reflection (around neck)
Wands
 t - a wand of digging (4)
 G - a wand of paralysis (11)
Scrolls
 g - 2 scrolls of magic mapping
 j - a scroll of fear
 k - 10 scrolls of remove curse
 l - 4 scrolls of enchant weapon
 q - 4 scrolls of identify
 s - 4 scrolls of teleportation
 E - a scroll of blinking
Potions
 h - 5 potions of curing
 m - a potion of heal wounds {unknown}
 n - a potion of degeneration
 o - 3 potions of haste
 p - a potion of lignification {unknown}
 u - a potion of brilliance {unknown}
 B - a potion of mutation {unknown}
 H - a potion of agility {unknown}
Comestibles
 e - 15 rations {!d}


   Skills:
 * Level 7.9 Fighting
 * Level 7.6 Maces & Flails
 - Level 5.1(5.3) Slings
 * Level 2.5(5.0) Throwing
 * Level 5.9 Dodging
 + Level 3.0 Stealth
 * Level 4.1 Spellcasting
 * Level 0.3 Charms
 * Level 2.8 Necromancy
 * Level 3.4 Invocations


You had 11 spell levels left.
You knew the following spells:

 Your Spells              Type           Power        Failure   Level  Hunger
a - Vampiric Draining     Necr           ####......   6%          3    ###....
b - Regeneration          Chrm/Necr      ###.......   11%         3    ###....

Your spell library contained the following spells:

 Spells                   Type           Power        Failure   Level  Hunger
 Animate Skeleton         Necr           N/A          1%          1    None
 Pain                     Necr           ####..       1%          1    None
 Animate Dead             Necr           N/A          21%         4    #####..
 Bolt of Draining         Conj/Necr      ###.......   71%         5    ######.


Dungeon Overview and Level Annotations

Branches:
Dungeon (8/12)             Temple (1/1) D:4             Orc (0/1) D:8
   Lair: D:7-9

Altars:
Ashenzari
Cheibriados
Dithmenos
Elyvilon
Fedhas
Hepliaklqana
Kikubaaqudgha
Lugonu
Makhleb
Nemelex Xobeh
Okawaru
Qazlal
Ru
Sif Muna
Uskayaw
Vehumet
Wu Jian
Xom
Yredelemnul
The Shining One

Shops:
D:5 *   D:7 =*:

Annotations:
D:8 Harold


Innate Abilities, Weirdness & Mutations

You are too large for most types of armour.
You have tough skin. (AC +1)


Message History

Harold casts a spell at you. The bolt of fire hits you!
* * * LOW HITPOINT WARNING * * *
You block Harold's attack. Harold blocks your attack.
Harold is almost dead.
Harold hits you with a +1 trident of piercing!
* * * LOW HITPOINT WARNING * * *
x2 You block Harold's attack.
You barely miss Harold.
Harold is almost dead.
You are no longer berserk.
You are exhausted.
You feel yourself slow down. Harold hits you but does no damage.
Ssssck.
* * * LOW HITPOINT WARNING * * *
Harold gestures wildly while chanting.
Harold blinks!
Harold casts a spell at you. The bolt of fire hits you!!
You die...

..............))
................ .....
##....##.......... ##
#....##... ............
..##....##..# #...........
..#....##..# >......#....
.......##..##...##.###....
#....#....@..# #.#.#....
#....##@.....###........
####.....#....####.........
.............## #.........#
##....#.....## #........##
....###....## #####.....# #
##....#.##..# #.#.......# #
#...#### #...#.....##.
##.## #............ #.#
#.#§.§......#


You could see Harold.

Vanquished Creatures
  A gargoyle (D:7)
  A komodo dragon (D:8)
  Eustachio (D:5)
  5 orc warriors
  2 sky beasts
  A boggart (D:6)
  6 ogres
  2 centaurs
  2 big kobolds (D:7)
  4 bullfrogs
  3 scorpions
  A howler monkey (D:5)
  6 crimson imps
  A bullfrog zombie (D:8)
  2 jellies (D:8)
  4 hounds
  An orc priest (D:4)
  2 bullfrog skeletons (D:8)
  A centaur skeleton (D:7)
  9 orc wizards
  3 iguanas
  Terence (D:3)
  8 worker ants
  A hound zombie (D:5)
  A hound skeleton (D:5)
  3 gnolls (D:5)
  8 adders
  A shadow imp (D:6)
  An ooze (D:3)
  3 adder skeletons
  An adder zombie (D:6)
  5 worms
  2 dart slugs
  A leopard gecko (D:4)
  18 orcs
  3 bats
  5 giant cockroaches
  2 goblins (D:1)
  9 hobgoblins
  4 jackals (D:3)
  14 kobolds
  4 quokkas
  A ball python (D:3)
  5 frilled lizards
  A quokka skeleton (D:4)
  3 rats
  A spectral orc (D:5)
164 creatures vanquished.

Vanquished Creatures (others)
  A kobold (D:7)
1 creature vanquished.

Grand Total: 165 creatures vanquished

Notes
Turn   | Place    | Note
-------+----------+-------------------------------------------
     0 | D:1      | Morbidden the Ogre Archaeologist began the quest for the
                  | Orb.
     0 | D:1      | Reached XP level 1. HP: 19/19 MP: 1/1
   191 | D:1      | Reached XP level 2. HP: 27/27 MP: 2/2
   544 | D:1      | Reached XP level 3. HP: 34/35 MP: 3/3
  1136 | D:2      | Found a white marble altar of Elyvilon.
  1721 | D:3      | Reached XP level 4. HP: 44/44 MP: 4/4
  1798 | D:3      | Noticed Terence
  1819 | D:3      | Killed Terence
  1996 | D:3      | Reached skill level 1 in Throwing
  2043 | D:3      | Found an ancient bone altar of Kikubaaqudgha.
  2124 | D:3      | Found a faded altar of an unknown god.
  2173 | D:3      | Reached skill level 1 in Slings
  2336 | D:3      | Reached XP level 5. HP: 48/53 MP: 5/5
  2336 | D:3      | Identified a scroll of acquirement
  2337 | D:3      | Found the +8 robe of Folly {Archmagi, MR- EV-8 Int+8 Slay+8
                  | Stlth--}
  2780 | D:4      | Noticed a sky beast
  2787 | D:4      | Killed a sky beast
  2788 | D:4      | Reached XP level 6. HP: 62/62 MP: 6/6
  2915 | D:4      | Reached XP level 7. HP: 42/71 MP: 7/7
  3210 | D:4      | Reached skill level 5 in Fighting
  3214 | D:4      | Learned a level 3 spell: Vampiric Draining
  3400 | D:4      | Found a staircase to the Ecumenical Temple.
  3407 | Temple   | Entered the Ecumenical Temple
  3560 | Temple   | Became a worshipper of Cheibriados the Contemplative
  3565 | Temple   | Learned a level 3 spell: Regeneration
  3704 | D:4      | Reached skill level 1 in Invocations
  3941 | D:5      | Entered Level 5 of the Dungeon
  3943 | D:5      | Noticed Eustachio
  3952 | D:5      | Reached skill level 1 in Spellcasting
  3952 | D:5      | Reached XP level 8. HP: 81/81 MP: 7/9
  3977 | D:5      | Killed Eustachio
  4241 | D:5      | Reached skill level 1 in Necromancy
  4310 | D:5      | Found Coidoffi's General Store.
  4342 | D:5      | Found an iron altar of Okawaru.
  4356 | D:5      | Reached * piety under Cheibriados
  4605 | D:5      | Found a basalt altar of Yredelemnul.
  4812 | D:6      | Reached XP level 9. HP: 81/89 MP: 13/13
  4944 | D:6      | Reached skill level 5 in Dodging
  4948 | D:6      | Reached ** piety under Cheibriados
  5241 | D:6      | Reached skill level 5 in Maces & Flails
  5241 | D:6      | Reached skill level 5 in Slings
  5576 | D:7      | Found Kigol's Assorted Antiques.
  5678 | D:7      | Found Fuetenen's Book Boutique.
  6282 | D:7      | Found Diose's Jewellery Shoppe.
  6290 | D:7      | Noticed a gargoyle
  6292 | D:7      | Killed a gargoyle
  6523 | D:8      | Found a staircase to the Orcish Mines.
  6535 | D:7      | Reached XP level 10. HP: 84/102 MP: 14/16
  6539 | D:7      | Reached *** piety under Cheibriados
  7092 | D:8      | Noticed Harold
  7109 | D:8      | Killed from afar by Harold

Skill      XL: |  1  2  3  4  5  6  7  8  9 10 |
---------------+-------------------------------+-----
Dodging        | 3 4 5 |  5.9
Fighting       | 2 3 4 5 6 7 |  7.9
Maces & Flails | 2 4 6 7 |  7.6
Throwing       | 1 2 |  2.5
Slings         | 1 2 3 4 5 |  5.1
Invocations    | 1 2 3 |  3.4
Spellcasting   | 1 2 4 |  4.1
Stealth        | 3 |  3.0
Necromancy     | 1 2 |  2.8
Charms         | |  0.3

Action                   |  1- 3 |  4- 6 |  7- 9 | 10-12 || total
-------------------------+-------+-------+-------+-------++-------
Melee: Whip              |   124 |    26 |    11 |       ||   161
       Giant spiked club |       |       |    98 |    38 ||   136
 Fire: Hunting sling     |    19 |   105 |   161 |    17 ||   302
       Shortbow          |       |       |    18 |       ||    18
Throw: Stone             |    26 |       |       |       ||    26
       Tomahawk          |       |     4 |     6 |     1 ||    11
  Use: Scroll            |       |     1 |     4 |     7 ||    12
       Potion            |       |       |       |     3 ||     3
 Stab: Sleeping          |     3 |       |       |       ||     3
  Eat: Chunk             |     7 |     8 |    17 |     3 ||    35
Armor: Robe              |    49 |    37 |   154 |    27 ||   267
Dodge: Dodged            |    67 |    30 |    34 |     8 ||   139
Block: Other             |       |       |    15 |    15 ||    30
       Reflection        |       |       |     6 |       ||     6
